 Dungeon Crawl Stone Soup version bcrawl-1.39.1 (webtiles) character file.

Game seed: 1045119110980073791

496583 Finalfun the Bludgeoner (level 14, -5/129 HPs)
             Began as a Minotaur Archaeologist on Sept 26, 2023.
             Was the Champion of Zin.
             Killed from afar by a hellephant (41 damage)
             ... with a blast of flame
             ... on level 1 of the Abyss.
             The game lasted 01:02:02 (20522 turns).

Finalfun the Bludgeoner (Minotaur Archaeologist)   Turns: 20522, Time: 01:02:03

Health: -5/129     AC: 14    Str: 30    XL:     14   Next: 96%
Magic:  0/19       EV: 20    Int: 20    God:    Zin [******]
Gold:   776        SH: 15    Dex: 18    Spells: 13/13 levels left

rFire    . . .     GDR:     39% a - +7 morningstar
rCold    + . .     SeeInvis .   P - +0 medium shield
rNeg     . . .     Gourm    .   T - +0 steam dragon scales
rPois    ∞         Faith    .   d - +1 hat
rElec    .         Spirit   +   C - +0 cloak
rCorr    .         Reflect  .   I - +0 pair of gloves
MR       +....                  w - +1 pair of boots
Stlth    ++........             p - amulet of guardian spirit
HPRegen  0.31/turn              l - ring of the Omega Point {+Fly rPois}
MPRegen  0.16/turn              i - ring of protection from cold

@: vitalised, studying Shields
A: retaliatory headbutt, horns 2
a: Recite, Vitalisation, Manna, Imprison, Sanctuary, Donate Gold, Renounce
Religion, Evoke Flight


You were on level 1 of the Abyss.
You worshipped Zin.
Zin was exalted by your worship.
You were not hungry.

You visited 2 branches of the dungeon, and saw 18 of its levels.
You visited the Abyss 1 time.
You also visited: Bailey and Volcano.

You collected 2888 gold pieces.
You spent 1954 gold pieces at shops.
You donated 158 gold pieces to Zin.

Inventory:

Hand Weapons
 a - a +7 morningstar (weapon)
 b - a +0 blowgun
Missiles
 f - 7 curare-tipped needles
 y - 435 poisoned needles (quivered)
 H - 2 throwing nets {=f}
Armour
 d - a +1 hat (worn)
 o - a +0 large shield
 w - a +1 pair of boots (worn)
 C - a +0 cloak (worn)
 I - a +0 pair of gloves (worn)
 P - a +0 medium shield (worn)
 T - +0 steam dragon scales (worn)
Jewellery
 i - a ring of protection from cold (right hand)
 l - the ring of the Omega Point (left hand) {+Fly rPois}
   (You found it on level 1 of the Dungeon)

   [ring of flight]

   It protects you from poison.
   It lets you fly.
 p - an amulet of guardian spirit (around neck)
 q - a +4 ring of protection
 Q - an uncursed ring of positive energy
Wands
 h - a wand of iceblast (6)
 B - a wand of digging (25)
 L - a wand of disintegration (13)
 R - a wand of flame (11)
 X - a wand of scattershot (4)
Scrolls
 j - 6 scrolls of amnesia
 m - 12 scrolls of remove curse
 s - 3 scrolls of teleportation
 u - 2 scrolls of fog
 A - 3 scrolls of fear {unknown}
 F - 3 scrolls of noise
 G - 3 scrolls of enchant armour {unknown}
 N - 3 scrolls of enchant weapon {unknown}
 O - a scroll of immolation {unknown}
 W - a scroll of summoning
 Y - a scroll of blinking
Potions
 c - 4 potions of brilliance
 k - 6 potions of flight
 n - 8 potions of curing
 t - 2 potions of ambrosia
 x - 2 potions of cancellation
 z - a potion of haste
 D - 2 potions of might
 M - a potion of magic
 S - a potion of agility {unknown}
 U - a potion of invisibility {unknown}
Miscellaneous
 v - a phial of floods
 V - a lightning rod (4/4)
Comestibles
 e - 43 rations {!d}


   Skills:
 - Level 13.6 Fighting
 - Level 16.0 Maces & Flails
 - Level 13.5 Armour
 - Level 12.8 Dodging
 - Level 3.0 Stealth
 + Level 15.0 Shields
 - Level 8.0 Invocations


You had 13 spell levels left.
You didn't know any spells.
Your spell library contained the following spells:

 Spells                   Type           Power        Failure   Level  Hunger
 Apportation              Tloc           #.....       58%         1    None
 Corona                   Hex            #......      58%         1    None
 Infusion                 Chrm           #.......     58%         1    None
 Sandblast                Erth           #.....       58%         1    None
 Slow                     Hex            #.......     58%         1    None
 Summon Butterflies       Summ           #.......     58%         1    None
 Call Imp                 Summ           #.....       73%         2    ####...
 Ensorcelled Hibernation  Hex/Ice        #.....       73%         2    ####...
 Sublimation of Blood     Necr           #.........   73%         2    ####...
 Call Canine Familiar     Summ           #.......     91%         3    #####..
 Confuse                  Hex            #.......     91%         3    #####..
 Conjure Flame            Conj/Fire      #.......     91%         3    #####..
 Dazzling Orbs            Conj/Hex       #......      91%         3    #####..
 Ignite Poison            Fire/Tmut/Pois #.......     91%         3    #####..
 Tukima's Dance           Hex            #.......     91%         3    #####..
 Cause Fear               Hex            #.........   100%        4    ######.
 Fulminant Prism          Conj/Hex       #.........   100%        4    ######.
 Petrify                  Tmut/Erth      #.........   100%        4    ######.
 Sticky Flame             Conj/Fire      #.......     100%        4    ######.
 Freezing Cloud           Ice/Air        #.......     100%        5    #######
 Metabolic Englaciation   Hex/Ice        #.........   100%        5    #######
 Summon Lightning Spire   Summ/Air       #.......     100%        5    #######
 Bolt of Cold             Conj/Ice       #.........   100%        6    #######
 Bolt of Fire             Conj/Fire      #.........   100%        6    #######
 Conjure Ball Lightning   Conj/Air       #.........   100%        6    #######
 Ozocubu's Refrigeration  Ice            #.........   100%        6    #######
 Simulacrum               Ice/Necr       #.......     100%        6    #######
 Virulence                Hex/Pois       #.......     100%        6    #######
 Dragon Form              Tmut           #......      100%        7    #######
 Orb of Destruction       Conj           #.........   100%        7    #######
 Spellforged Servitor     Conj/Summ      #.........   100%        7    #######
 Dragon's Call            Summ           #.........   100%        9    #######
 Fire Storm               Conj/Fire      #.........   100%        9    #######


Dungeon Overview and Level Annotations

Branches:
Dungeon (12/12)            Temple (0/1) D:5            Lair (6/6) D:9
  Swamp (0/3) Lair:2       Spider (0/3) Lair:2          Orc (0/1) D:10
 Vaults (0/3) D:12         Forest (0/3) Lair:6       Depths (0/5) D:12

Altars:
Ashenzari
Cheibriados
Elyvilon
Makhleb
Qazlal
Ru
Trog
Wu Jian
Xom
Yredelemnul
Zin
The Shining One
Jiyva

Shops:
D:4 %   D:7 ***}(   D:11 (

Annotations:
D:3 3 runed translucent doors, yrara's ghost, amateur DsFi
D:6 exclusion: ugly thing
D:11 3 runed translucent doors, zoran's ghost, adept OnVM


Innate Abilities, Weirdness & Mutations

You reflexively headbutt those who attack you in melee.
You have a pair of horns on your head.


Message History

You hit the hellephant. You headbutt the hellephant.
The hellephant is lightly wounded.
The hellephant bites you but does no damage.
You block the hellephant's attack. The hellephant tramples you!
You stumble backwards!
You thump the hellephant!
The hellephant is lightly wounded.
You bludgeon the hellephant!!
The hellephant is lightly wounded.
The hellephant bites you!!
You are engulfed in flames!!!
The hellephant gores you. Space warps horribly around you!!
* * * LOW HITPOINT WARNING * * *
You block the hellephant's attack.
Okay, then.
Press: ? - help, Dir - move target cursor, f - hellephant
Aim: a hellephant (lightly wounded)
You need more space to imprison the hellephant.
The hellephant breathes flames at you. The blast of flame hits you!!!
You die...

### .. ## # ##.#..#
.. #####..#...# #.#
#. .. . #@# # # #..
##. .###.# ##.#
........ #..Y##..#
.. ....#.....#..##
.............}....##
#.....#...!.#.....
##... ##...###..## #
.# ##.## #... #. #
#...## ..#


You could see a hellephant.

Vanquished Creatures
  Gastronok (Lair:3)
  A fire dragon (Lair:6)
  Urug (Lair:6)
  Psyche (D:11)
  Fannar (Lair:3)
  Erolcha (D:9)
  An anaconda (Lair:6)
  10 hydras
  An ogre mage (D:8)
  4 two-headed ogres
  A queen ant (Lair:4)
  A tengu warrior (D:11)
  An orc high priest (Bailey)
  3 centaur warriors (D:11)
  3 skeletal warriors (D:12)
  A swamp dragon (Lair:6)
  A wizard (D:12)
  A wolf spider zombie (D:11)
  3 orc knights (Bailey)
  2 ugly things
  2 deep elf magi
  An orc sorcerer (Bailey)
  2 will-o'-wisps (Lair:6)
  5 elephants (Lair:6)
  3 black mambas (Lair:6)
  18 cane toads
  A smoke demon (Abyss:1)
  5 rime drakes
  An efreet (D:11)
  4 komodo dragons
  A jumping spider (Lair:2)
  An eye of draining (D:8)
  A hellwing (Abyss:1)
  2 trolls
  A wolf spider simulacrum (D:12)
  A tyrant leech (Lair:2)
  9 polar bears (Lair:6)
  2 raiju (Lair:6)
  9 hippogriffs
  3 slime creatures (D:12)
  10 blink frogs (Lair:6)
  A large abomination (Abyss:1)
  3 harpy skeletons
  Grum (D:9)
  A spriggan (D:7)
  4 wyverns
  A ynoxinul (Abyss:1)
  32 yaks
  4 steam dragons
  3 basilisks
  2 hungry ghosts
  3 vampire mosquitoes
  2 redbacks (Lair:2)
  3 swamp worms (Lair:2)
  13 crocodiles
  7 wargs
  An acid dragon (Lair:5)
  2 water moccasins
  15 hell hounds (Lair:6)
  A swamp drake (Lair:6)
  7 porcupines
  11 orc warriors
  4 ice beasts
  A hornet zombie (D:8)
  4 sky beasts
  9 soldier ants
  12 black bears
  2 phantoms (D:9)
  A necrophage (D:8)
  3 ogres
  21 wolves
  A blink frog skeleton (D:10)
  14 bullfrogs
  2 kobold brigands
  5 centaurs
  4 scorpions
  9 killer bees
  A howler monkey (D:4)
  6 electric eels
  8 orc priests
  13 wights
  3 crimson imps
  A bullfrog zombie (D:7)
  3 quasits
  11 orc wizards
  10 hounds
  2 bullfrog skeletons
  An iguana (Lair:6)
  Natasha (twice) (D:3)
  33 worker ants
  A killer bee zombie (D:5)
  A porcupine skeleton (D:10)
  A worker ant zombie (D:4)
  A howler monkey skeleton (D:6)
  14 gnolls
  10 adders
  3 shadow imps
  3 oozes
  2 adder skeletons
  5 worms
  3 dart slugs
  3 leopard geckos (D:1)
  49 orcs
  3 ball pythons
  A bat (D:1)
  5 giant cockroaches
  9 goblins
  12 hobgoblins
  16 kobolds
  2 quokkas
  4 frilled lizards
  A jackal skeleton (D:5)
  3 rats
576 creatures vanquished.

Vanquished Creatures (others)
  A shadow (D:11)
  10 fungi
  24 plants
  A withered plant (D:12)
36 creatures vanquished.

Grand Total: 612 creatures vanquished

Notes
Turn   | Place    | Note
-------+----------+-------------------------------------------
     0 | D:1      | Finalfun the Minotaur Archaeologist began the quest for the
                  | Orb.
     0 | D:1      | Reached XP level 1. HP: 16/16 MP: 0/0
    82 | D:1      | Got a crude bone ring
   138 | D:1      | Reached XP level 2. HP: 23/23 MP: 1/1
   312 | D:1      | Reached skill level 1 in Armour
   583 | D:1      | Reached XP level 3. HP: 29/29 MP: 2/2
   719 | D:1      | Identified the ring of the Omega Point {+Fly rPois} (You
                  | found it on level 1 of the Dungeon)
   802 | D:2      | Found a glowing silver altar of Zin.
   809 | D:2      | Reached skill level 2 in Maces & Flails
   817 | D:2      | Became a worshipper of Zin the Law-Giver
  1238 | D:2      | Found a snail-covered altar of Cheibriados.
  1387 | D:2      | Reached * piety under Zin
  1868 | D:3      | Reached XP level 4. HP: 37/37 MP: 3/3
  1897 | D:3      | Found a runed translucent gate.
  1897 | D:3      | Found a runed translucent gate.
  1897 | D:3      | Found a runed translucent gate.
  2058 | D:3      | Reached XP level 5. HP: 42/45 MP: 4/4
  2058 | D:3      | Identified a scroll of acquirement
  2058 | D:3      | Identified the +7 hand crossbow "Fachuu Haca" {freeze,
                  | *Drain +Inv rPois Int+3} (You acquired it on level 3 of the
                  | Dungeon)
  2246 | D:3      | Noticed Natasha
  2257 | D:3      | Killed Natasha
  2258 | D:3      | Reached skill level 3 in Maces & Flails
  2519 | D:3      | Reached skill level 4 in Maces & Flails
  2724 | D:3      | Noticed yrara's ghost (amateur DsFi)
  2726 | D:3      | Noticed Natasha
  2732 | D:3      | Killed Natasha
  2760 | D:4      | Reached skill level 5 in Maces & Flails
  2762 | D:4      | Reached XP level 6. HP: 45/51 MP: 5/5
  2784 | D:4      | Noticed a sky beast
  2792 | D:3      | Reached skill level 6 in Maces & Flails
  2839 | D:4      | Reached skill level 7 in Maces & Flails
  2874 | D:3      | Killed a sky beast
  2875 | D:3      | Reached skill level 8 in Maces & Flails
  2982 | D:4      | Reached skill level 9 in Maces & Flails
  2985 | D:4      | Reached XP level 7. HP: 43/57 MP: 1/6
  3057 | D:4      | Reached ** piety under Zin
  3228 | D:4      | Noticed a troll
  3249 | D:4      | Found a stormy altar of Qazlal.
  3249 | D:4      | Found a glowing golden altar of the Shining One.
  3257 | D:4      | Found a faded altar of an unknown god.
  3260 | D:4      | Found a burning altar of Makhleb.
  3262 | D:4      | Found a bloodstained altar of Trog.
  3313 | D:5      | Entered Level 5 of the Dungeon
  3556 | D:5      | Found a staircase to the Ecumenical Temple.
  3567 | D:5      | Reached skill level 10 in Maces & Flails
  3567 | D:5      | Reached skill level 1 in Invocations
  3654 | D:5      | Found a shattered altar of Ashenzari.
  3930 | D:5      | Reached skill level 11 in Maces & Flails
  4273 | D:6      | Reached XP level 8. HP: 60/63 MP: 7/9
  4435 | D:6      | Reached skill level 12 in Maces & Flails
  4580 | D:6      | Reached *** piety under Zin
  4581 | D:6      | Reached skill level 13 in Maces & Flails
  4581 | D:6      | Reached skill level 5 in Invocations
  4687 | D:6      | Noticed a green ugly thing
  4790 | D:6      | Found a basalt altar of Yredelemnul.
  5037 | D:6      | Found a white marble altar of Elyvilon.
  5161 | D:7      | Reached skill level 14 in Maces & Flails
  5277 | D:4      | Reached XP level 9. HP: 44/71 MP: 3/11
  5442 | D:4      | Reached skill level 5 in Dodging
  5442 | D:4      | Reached skill level 1 in Shields
  5627 | D:4      | Found Goco's Food Shoppe.
  5651 | D:4      | Killed a troll
  5829 | D:6      | Reached skill level 5 in Fighting
  6189 | D:7      | Found Iptish's Weapon Emporium.
  6190 | D:7      | Found Rorofalez's Gadget Emporium.
  6191 | D:7      | Found Sekiw's Assorted Antiques.
  6199 | D:7      | Found Guukh's General Store.
  6220 | D:7      | Reached **** piety under Zin
  6261 | D:7      | Reached skill level 5 in Armour
  6361 | D:7      | Found Tosaytso's Assorted Antiques.
  6373 | D:7      | Identified Sif Muna's Grimoire of Destructive Slavery
  6917 | D:8      | Noticed an eye of draining
  6939 | D:8      | Killed an eye of draining
  6940 | D:8      | Reached XP level 10. HP: 80/84 MP: 4/12
  7044 | D:8      | Noticed an ogre mage
  7083 | D:8      | Killed an ogre mage
  7084 | D:8      | Reached skill level 5 in Shields
  7245 | D:8      | Noticed a deep elf mage
  7491 | D:8      | Killed a deep elf mage
  7641 | D:8      | Reached ***** piety under Zin
  8065 | D:9      | Found a staircase to the Lair.
  8144 | D:9      | Noticed Erolcha
  8393 | D:9      | Found a sacrificial altar of Ru.
  8448 | D:9      | Reached skill level 15 in Maces & Flails
  8640 | D:9      | Found a shimmering altar of Xom.
  8667 | Lair:1   | Entered Level 1 of the Lair of Beasts
  8667 | Lair:1   | Noticed a cane toad
  8671 | Lair:1   | Killed a cane toad
  8672 | Lair:1   | Reached XP level 11. HP: 94/94 MP: 13/13
  8814 | Lair:1   | Found a glowing golden altar of the Shining One.
  9575 | Lair:2   | Found a dark tunnel.
  9581 | Volcano  | Entered a volcano
  9597 | Volcano  | Noticed a centaur warrior
  9707 | Lair:2   | Found a hole to the Spider Nest.
 10250 | Lair:2   | Noticed a seven-headed hydra
 10259 | Lair:2   | Killed a seven-headed hydra
 10472 | Lair:2   | Noticed a five-headed hydra
 10479 | Lair:2   | Killed a five-headed hydra
 10516 | Lair:2   | Found a staircase to the Swamp.
 10834 | Lair:2   | Reached XP level 12. HP: 67/106 MP: 10/14
 10974 | Lair:3   | Noticed Gastronok
 10986 | Lair:3   | Killed Gastronok
 10987 | Lair:3   | Reached skill level 10 in Fighting
 10987 | Lair:3   | Reached skill level 16 in Maces & Flails
 10987 | Lair:3   | Reached skill level 10 in Armour
 11148 | Lair:3   | Identified the ring "Pyminusch" {Ice Int+3}
 11148 | Lair:3   | Noticed Fannar
 11165 | Lair:3   | Killed Fannar
 11166 | Lair:3   | Reached skill level 10 in Dodging
 11790 | Lair:4   | Noticed a queen ant
 11810 | Lair:4   | Killed a queen ant
 11836 | Lair:4   | Reached skill level 10 in Shields
 13142 | Lair:5   | Noticed a five-headed hydra
 13148 | Lair:5   | Killed a five-headed hydra
 13498 | Lair:5   | Reached XP level 13. HP: 105/116 MP: 14/16
 14024 | Lair:6   | Entered Level 6 of the Lair of Beasts
 14873 | Lair:6   | Reached ****** piety under Zin
 15389 | Lair:6   | Reached XP level 14. HP: 119/127 MP: 17/19
 15417 | Lair:6   | Found a staircase to the Spriggan Forest.
 15669 | Lair:6   | Noticed Urug
 15680 | Lair:6   | Killed Urug
 16473 | D:9      | Noticed Grum
 16480 | D:9      | Killed Grum
 16487 | D:9      | Found an ornate altar of the Wu Jian Council.
 16583 | D:9      | Found a sacrificial altar of Ru.
 16659 | D:9      | Got an ancient shortbow
 16825 | D:9      | Killed Erolcha
 16971 | D:10     | Entered Level 10 of the Dungeon
 17041 | D:10     | Found a roughly hewn altar of Beogh.
 17043 | D:10     | Found a staircase to the Orcish Mines.
 17106 | D:10     | Found a flagged portal.
 17131 | Bailey   | Entered a bailey
 17285 | Bailey   | Found an iron altar of Okawaru.
 17504 | Bailey   | Identified the ring "Ripe" {+Fly Dex+3} (You acquired it in
                  | a bailey)
 18967 | D:11     | Found a runed translucent gate.
 18968 | D:11     | Found a runed translucent gate.
 18969 | D:11     | Found a runed translucent gate.
 18973 | D:11     | Noticed zoran's ghost (adept OnVM)
 18976 | D:11     | Found a viscous altar of Jiyva.
 19168 | D:11     | Found Boics's Weapon Shoppe.
 19188 | D:11     | Noticed Psyche
 19201 | D:11     | Killed Psyche
 19490 | D:12     | Entered Level 12 of the Dungeon
 19635 | D:7      | Bought a scroll of acquirement for 624 gold pieces
 19635 | D:7      | Bought a scroll of summoning for 120 gold pieces
 19635 | D:7      | Bought a scroll of blinking for 90 gold pieces
 19635 | D:7      | Identified the +3 eveningstar "Vyliurphi" {venom, Str+5}
                  | (You acquired it on level 7 of the Dungeon)
 19635 | D:7      | Identified the ring "Puahuiz" {Ice Dex+7} (You acquired it
                  | on level 7 of the Dungeon)
 19642 | D:7      | Bought a phial of floods for 560 gold pieces
 19642 | D:7      | Bought a lightning rod (4/4) for 560 gold pieces
 19772 | D:12     | Found a staircase to the Depths.
 19777 | D:12     | Noticed a jiangshi
 20349 | D:12     | Found a gate to the Vaults.
 20363 | D:12     | Cast into level 1 of the Abyss (a wizard)
 20485 | Abyss:1  | Reached skill level 15 in Shields
 20512 | Abyss:1  | Noticed a hellephant
 20522 | Abyss:1  | Killed from afar by a hellephant

Skill      XL: |  1  2  3  4  5  6  7  8  9 10 11 12 13 14 |
---------------+-------------------------------------------+-----
Armour         | 1 2 3 6 7 9 11 12 13 | 13.5
Fighting       | 2 3 4 6 8 9 11 12 13 | 13.6
Maces & Flails | 2 5 9 11 14 15 16 | 16.0
Stealth        | 3 |  3.0
Dodging        | 4 6 8 9 10 11 12 | 12.8
Invocations    | 3 5 6 8 |  8.0
Shields        | 4 6 8 10 11 15 | 15.0

Action                   |  1- 3 |  4- 6 |  7- 9 | 10-12 | 13-15 || total
-------------------------+-------+-------+-------+-------+-------++-------
Melee: Whip              |    39 |       |       |       |       ||    39
       Headbutt          |    17 |    31 |    61 |   125 |   186 ||   420
       Dagger            |    33 |    49 |       |       |       ||    82
       Unarmed           |     6 |       |       |       |       ||     6
       Mace              |     3 |    60 |   494 |   153 |       ||   710
       Club              |       |    50 |       |       |       ||    50
       Morningstar       |       |       |       |   408 |   882 ||  1290
 Fire: Blowgun           |       |       |       |    26 |    49 ||    75
Throw: Stone             |       |       |     1 |     1 |     1 ||     3
Invok: Vitalisation      |       |       |     4 |     9 |    14 ||    27
       Recite            |       |       |       |       |     1 ||     1
       Sanctuary         |       |       |       |       |     1 ||     1
  Use: Scroll            |     1 |     2 |     9 |     8 |    10 ||    30
       Potion            |       |     1 |     4 |       |     4 ||     9
 Stab: Sleeping          |     1 |       |     1 |     1 |     4 ||     7
  Eat: Chunk             |     3 |     6 |    15 |    26 |    27 ||    77
       Ration            |       |     1 |     6 |     2 |     5 ||    14
Armor: Leather armour    |     8 |       |       |       |       ||     8
       Ring mail         |    13 |    87 |   240 |   225 |   174 ||   739
       Steam dragon scal |       |       |       |       |   109 ||   109
Dodge: Dodged            |    43 |    87 |   183 |   332 |   422 ||  1067
Block: Large shield      |       |       |   122 |       |       ||   122
       Medium shield     |       |       |       |   215 |   547 ||   762
